 Dungeon Crawl Stone Soup version 0.25.1-2-g60ff931df9 (webtiles) character file.

Game seed: 611388937483177106

13747 hawla the Nimble (level 11, 0/99 HPs)
             Began as a Minotaur Berserker on Oct 30, 2020.
             Was an Initiate of Gozag.
             Slain by a polar bear (7 damage)
             ... created by the rage of Trog
             ... on level 11 of the Dungeon.
             The game lasted 00:39:44 (10737 turns).

hawla the Nimble (Minotaur Berserker)              Turns: 10737, Time: 00:39:45

Health: 0/99       AC:  4    Str: 23    XL:     11   Next: 79%
Magic:  8/8        EV: 21    Int:  8    God:    Gozag
Gold:   170        SH:  0    Dex: 16    Spells: 10/10 levels left

rFire    + . .     SeeInvis .   H - +6 rapier of Karma {vorpal, *Rage rN+ MR+++ Int+4}
rCold    + + .     Gourm    .   (no shield)
rNeg     + . .     Faith    .   B - +1 robe {rC+ rF+}
rPois    .         Spirit   .   (helmet restricted)
rElec    .         Reflect  .   E - +0 cloak
rCorr    .         Harm     .   (no gloves)
MR       +++..     Rnd*Rage +   (no boots)
Stlth    +.........             x - amulet of regeneration
HPRegen  0.66/turn              k - ring of protection from cold
MPRegen  0.11/turn              O - +6 ring of dexterity

@: no status effects
A: retaliatory headbutt, horns 2, blink, low mp 1, weak 1
a: Blink, Potion Petition, Call Merchant, Bribe Branch, Renounce Religion


You were on level 11 of the Dungeon.
You worshipped Gozag.
Gozag was aware of your devotion.
You were not hungry.

You visited 2 branches of the dungeon, and saw 12 of its levels.
You also visited: Sewer and Ossuary.

You collected 1003 gold pieces.
You spent 552 gold pieces at shops.
You paid 281 gold pieces to Gozag.

Inventory:

Hand Weapons
 a - the +6 short sword "Mujyvoz" {vorpal, rC- Int+4 SInv Stlth+}
   (You found it on level 5 of the Dungeon)

   It inflicts extra damage upon your enemies.
   It affects your intelligence (+4).
   It makes you vulnerable to cold.
   It lets you see invisible.
   It makes you more stealthy.
 f - a +2 vorpal demon blade
 l - a +1 great sword of flaming
 H - the +6 rapier of Karma (weapon) {vorpal, *Rage rN+ MR+++ Int+4}
   (You bought it in a shop on level 4 of the Dungeon)

   It inflicts extra damage upon your enemies.
   It affects your intelligence (+4).
   It protects you from negative energy.
   It affects your resistance to hostile enchantments.
   It may make you go berserk in combat.
Missiles
 o - 78 poisoned darts
 r - 14 boomerangs (quivered)
 v - 8 atropa-tipped darts
Armour
 e - a +0 troll leather armour {Purgy}
 B - a +1 robe of resistance (worn)
 E - a +0 cloak (worn)
 J - a +0 scale mail of fire resistance
 K - +0 ice dragon scales
Jewellery
 k - a ring of protection from cold (left hand)
 x - an amulet of regeneration (around neck)
 O - a +6 ring of dexterity (right hand)
Wands
 n - a wand of iceblast (10)
 p - a wand of flame (20)
 s - a wand of enslavement (10)
 y - a wand of random effects (9)
 F - a wand of paralysis (19)
Scrolls
 b - 2 scrolls of magic mapping
 i - a scroll of identify
 u - 4 scrolls of enchant weapon
 C - 7 scrolls of remove curse
 D - a scroll of fog
 G - a scroll of enchant armour
 I - 2 scrolls of teleportation
 M - a scroll of fear
Potions
 d - 2 potions of mutation
 g - 6 potions of curing
 j - 3 potions of brilliance
 m - 5 potions of haste
 q - a potion of resistance
 t - 8 potions of flight
 z - 6 potions of stabbing
 A - 2 potions of ambrosia
Miscellaneous
 h - a box of beasts
Comestibles
 c - 16 rations


   Skills:
 + Level 10.0 Fighting
 + Level 10.3(11.6) Short Blades
 + Level 9.8(11.9) Long Blades
 + Level 3.2 Throwing
 + Level 5.5 Armour
 * Level 12.4 Dodging


You had 10 spell levels left.
You didn't know any spells.
Your spell library was empty.

Dungeon Overview and Level Annotations

Branches:
Dungeon (11/15)            Temple (1/1) D:5            Lair (0/6) D:8
  Sewer (visited)         Ossuary (visited)
    Orc: D:9-12

Altars:
Ashenzari
Cheibriados
Dithmenos
Elyvilon
Fedhas
Gozag
Hepliaklqana
Kikubaaqudgha
Makhleb
Nemelex Xobeh
Okawaru
Qazlal
Ru
Sif Muna
Trog
Uskayaw
Vehumet
Wu Jian
Xom
Yredelemnul
Zin
The Shining One
Lugonu

Shops:
D:4 *(%(   D:8 [


Innate Abilities, Weirdness & Mutations

You reflexively headbutt those who attack you in melee.
You have a pair of horns on your head.
You can translocate small distances at will.
Your magical capacity is low. (-10% MP)
You are weak. (Str -2)


Message History

Your headbutt misses the slime creature.
The slime creature is moderately wounded.
The ogre hits you with a +0 giant spiked club!
The polar bear misses you. You furiously retaliate!
You headbutt the polar bear. The polar bear claws you.
The polar bear completely misses you. The slime creature hits you!
Okay, then.
You hit the slime creature. You headbutt the slime creature!
The slime creature is heavily wounded.
The polar bear bites you. The polar bear claws you! The polar bear misses you.
You impale the slime creature!! You headbutt the slime creature.
The slime creature is almost dead.
The ogre hits you with a +0 giant spiked club!
* * * LOW HITPOINT WARNING * * *
The slime creature misses you. You furiously retaliate!
You headbutt the slime creature. The polar bear bites you!!
* * * LOW HITPOINT WARNING * * *
The polar bear completely misses you. The polar bear claws you!
You die...
Your body crumbles into a pile of gold.

# #...##. .. ...... ..# .....
... #≈.## #.# #####hh# #.#
############OhO#h.########.#
##.#..#...#J@h#$$hh.........#
#.#.#.#...###..h#...........#
###.##..### #####≈.########.#
##.#.##.# #≈.## #.#
##)###.#.###################.#
#.#...##.....................#
##.###.#########..............
##.#.#### #.#############
###)##..#######.# ..#


You could see a slime creature, 2 polar bears, a black bear (berserk) and 2
ogres.

Vanquished Creatures
  A fire giant (D:11)
  Harold (D:7)
  A yaktaur captain (D:11)
  A two-headed ogre (D:10)
  A deep troll earth mage (D:11)
  Nergalle (D:10)
  The ghost of hawla the Carver, a novice MiBe of Trog (D:6)
  An ugly thing (D:11)
  Maurice (D:9)
  A komodo dragon (D:8)
  A troll (D:10)
  3 hippogriffs
  Sigmund (D:2)
  A wraith (D:9)
  4 yaks (D:10)
  A wyvern (D:8)
  2 hungry ghosts
  2 steam dragons
  Menkaure (D:6)
  The ghost of Snicker the Covert, an amateur SpEn (D:3)
  3 hell hounds (D:11)
  Purgy (Sewer)
  2 ice beasts
  A sky beast (D:11)
  A black bear (D:6)
  3 orc warriors
  2 eyes of draining (D:11)
  2 phantoms
  4 ogres
  5 centaurs
  3 big kobolds
  8 bullfrogs
  A gnoll sergeant (D:8)
  2 water moccasin zombies (Ossuary)
  A water moccasin skeleton (D:7)
  4 scorpions
  10 killer bees
  4 wights (D:9)
  A howler monkey (D:7)
  4 crimson imps
  2 quasits (D:8)
  A centaur skeleton (D:7)
  Crazy Yiuf (D:4)
  7 orc priests
  4 hounds
  5 jellies
  3 iguanas
  6 orc wizards
  5 worker ants
  A killer bee zombie (D:7)
  3 big kobold zombies (Ossuary)
  A hound skeleton (D:6)
  2 mummies (Ossuary)
  2 worker ant zombies
  6 gnolls
  13 adders
  2 river rats (D:6)
  8 oozes
  2 adder zombies (Ossuary)
  2 worms
  3 adder skeletons
  A dart slug (D:2)
  6 leopard geckos
  37 orcs
  3 ball pythons
  6 giant cockroaches
  3 gnoll zombies (Ossuary)
  7 goblins
  9 hobgoblins
  10 jackals
  25 kobolds
  2 quokkas
  A ball python skeleton (D:4)
  11 bats
  9 frilled lizards
  4 hobgoblin zombies (Ossuary)
  3 kobold zombies (Ossuary)
  2 leopard gecko skeletons
  8 orc zombies (Ossuary)
  A quokka zombie (D:10)
  6 rats
  2 demonic plants (Temple)
324 creatures vanquished.

Vanquished Creatures (others)
  A wight (D:9)
  2 orc priests (D:9)
  An adder (D:9)
  3 orcs (D:9)
  3 plants (D:8)
10 creatures vanquished.

Grand Total: 334 creatures vanquished

Notes
Turn   | Place    | Note
-------+----------+-------------------------------------------
     0 | D:1      | hawla the Minotaur Berserker began the quest for the Orb.
     0 | D:1      | Reached XP level 1. HP: 19/19 MP: 0/0
   160 | D:1      | Reached XP level 2. HP: 17/27 MP: 1/1
   643 | D:2      | Reached ** piety under Trog
   803 | D:2      | Found a faded altar of an unknown god.
   805 | D:2      | Reached XP level 3. HP: 33/33 MP: 2/2
  1018 | D:2      | Noticed Sigmund
  1032 | D:2      | Killed Sigmund
  1032 | D:2      | Reached skill level 5 in Fighting
  1032 | D:2      | Reached skill level 1 in Short Blades
  1032 | D:2      | Reached skill level 5 in Long Blades
  1032 | D:2      | Reached skill level 3 in Dodging
  1032 | D:2      | Reached XP level 4. HP: 26/42 MP: 3/3
  1032 | D:2      | Reached XP level 5. HP: 30/48 MP: 4/4
  1572 | D:3      | Found a white marble altar of Elyvilon.
  1642 | D:3      | Reached XP level 6. HP: 54/56 MP: 5/5
  1652 | D:3      | Reached skill level 4 in Dodging
  1896 | D:3      | Reached *** piety under Trog
  2106 | D:3      | Found a runed translucent door.
  2111 | D:3      | Noticed Snicker's ghost (amateur SpEn)
  2323 | D:4      | Found Huruneh's Antique Weapon Boutique.
  2455 | D:4      | Found Zashu's General Store.
  2462 | D:4      | Bought a wand of iceblast (10) for 182 gold pieces
  2507 | D:4      | Found Teon's Food Boutique.
  2509 | D:4      | Reached XP level 7. HP: 62/62 MP: 6/6
  2522 | D:4      | Found Videz's Weapon Emporium.
  2878 | D:4      | Reached skill level 5 in Dodging
  2986 | D:4      | Found a runed translucent door.
  2987 | D:4      | Noticed Crazy Yiuf
  3062 | D:4      | Found a shattered altar of Ashenzari.
  3443 | D:4      | Found an iron altar of Okawaru.
  3566 | D:4      | Found an ornate altar of the Wu Jian Council.
  3712 | D:3      | Killed Snicker's ghost
  3770 | D:5      | Entered Level 5 of the Dungeon
  3791 | D:5      | Found a sand-covered staircase.
  3815 | Ossuary  | Entered an ossuary
  3882 | Ossuary  | Reached **** piety under Trog
  3943 | Ossuary  | Reached XP level 8. HP: 47/71 MP: 7/7
  4115 | Ossuary  | Reached skill level 6 in Dodging
  4314 | D:5      | Found a shimmering altar of Xom.
  4512 | D:5      | Reached skill level 5 in Short Blades
  4826 | D:5      | Found a staircase to the Ecumenical Temple.
  4847 | D:5      | Reached ***** piety under Trog
  4850 | Temple   | Entered the Ecumenical Temple
  4965 | D:5      | Found a burning altar of Makhleb.
  4966 | D:5      | Found a shimmering altar of Xom.
  5080 | D:4      | Bought a fine rapier for 216 gold pieces
  5080 | D:4      | Identified the +6 rapier of Karma {vorpal, *Rage rN+ MR+++
                  | Int+4} (You bought it in a shop on level 4 of the Dungeon)
  5139 | D:4      | Killed Crazy Yiuf
  5139 | D:4      | Reached skill level 7 in Dodging
  5177 | D:6      | Noticed Menkaure
  5184 | D:6      | Gained mutation: Your magical capacity is low. (-10% MP)
                  | [potion of mutation]
  5184 | D:6      | Gained mutation: You are weak. (Str -2) [potion of
                  | mutation]
  5184 | D:6      | Gained mutation: You can translocate small distances at
                  | will. [potion of mutation]
  5185 | D:6      | Killed Menkaure
  5242 | D:6      | Reached skill level 1 in Throwing
  5274 | D:6      | Found a glowing drain.
  5301 | Sewer    | Entered a sewer
  5328 | Sewer    | Noticed Purgy
  5341 | Sewer    | Killed Purgy
  5416 | D:6      | Reached XP level 9. HP: 77/79 MP: 7/7
  5479 | D:6      | Found a sparkling altar of Nemelex Xobeh.
  5716 | D:6      | Found a runed translucent door.
  5716 | D:6      | Noticed hawla's ghost (novice MiBe)
  5743 | D:6      | Found a runed translucent door.
  5784 | D:6      | Found a hazy altar of Hepliaklqana.
  5880 | D:6      | Reached skill level 8 in Dodging
  6287 | D:5      | Got a faintly glowing short sword
  6288 | D:5      | Identified the +6 short sword "Mujyvoz" {vorpal, rC- Int+4
                  | SInv Stlth+} (You found it on level 5 of the Dungeon)
  6375 | D:7      | Found a shadowy altar of Dithmenos.
  6375 | D:7      | Found a glowing golden altar of the Shining One.
  6375 | D:7      | Found a stormy altar of Qazlal.
  6446 | D:7      | Noticed Harold
  6456 | D:7      | Paralysed by Harold for 6 turns
  6475 | D:7      | Killed Harold
  6475 | D:7      | Reached skill level 9 in Dodging
  6714 | D:7      | Received a gift from Trog
  6840 | D:7      | Reached XP level 10. HP: 88/88 MP: 8/8
  7121 | D:6      | Killed hawla's ghost
  7282 | D:8      | Found Diduxug's Armour Shop.
  7304 | D:8      | Bought a +0 scale mail of fire resistance for 154 gold
                  | pieces
  7328 | D:8      | Found a hide-covered altar of Uskayaw.
  7785 | D:8      | Found a glowing silver altar of Zin.
  7786 | D:8      | Found an opulent altar of Gozag.
  7857 | D:8      | Reached skill level 10 in Dodging
  8043 | D:8      | Found a staircase to the Lair.
  8299 | D:9      | Found a bloodstained altar of Trog.
  8520 | D:9      | Noticed Maurice
  8530 | D:9      | HP: 6/136 [steam dragon (5)]
  8551 | D:9      | Killed Maurice
  8568 | D:9      | Received a gift from Trog
  8700 | D:9      | Found a basalt altar of Yredelemnul.
  8873 | D:9      | Reached skill level 11 in Dodging
  8995 | D:10     | Entered Level 10 of the Dungeon
  8998 | D:10     | Reached XP level 11. HP: 97/97 MP: 8/8
  9050 | D:10     | Reached skill level 10 in Short Blades
  9193 | D:10     | Noticed a two-headed ogre
  9200 | D:10     | Killed a two-headed ogre
  9410 | D:10     | Noticed Nergalle
  9416 | D:10     | Noticed a spectral orc warlord
  9433 | D:10     | Killed Nergalle
  9929 | D:8      | Fell from the grace of Trog
  9929 | D:8      | Became a worshipper of Gozag Ym Sagoz the Greedy
 10279 | D:11     | Noticed a deep troll earth mage
 10279 | D:11     | Noticed a yaktaur captain
 10296 | D:11     | Killed a deep troll earth mage
 10300 | D:11     | Killed a yaktaur captain
 10300 | D:11     | Reached skill level 5 in Armour
 10300 | D:11     | Reached skill level 12 in Dodging
 10408 | D:11     | Noticed a fire giant
 10421 | D:11     | Killed a fire giant
 10421 | D:11     | Reached skill level 10 in Fighting
 10669 | D:11     | Noticed a purple ugly thing
 10679 | D:11     | Killed a purple ugly thing
 10737 | D:11     | Slain by a polar bear

Illustrated notes

Levels and vault maps discovered:
D:1:      ncdulo_wetmaze, layout_rooms
D:2:      layout_basic, chequers_ecumenical_altar_island, serial_glass,
          glass_columns_a, glass_columns_c, uniq_sigmund
D:3:      layout_loops_corners, lemuel_coloured_pillars_altar, first_ration,
          ebering_ghost_reflecting_pool
D:4:      layout_cave_pools, cheibrodos_ashenzari_chains, kennysheep_little_box,
          okawaru_altar_gauntlet_db, serial_shops, nicolae_shop_window_shopping,
          shop, shop_fountains, nicolae_shop_crystal, minmay_unequal,
          uniq_crazy_yiuf_cottage
D:5:      layout_cave_pools, grunt_temple_overflow_champion_of_chaos,
          minmay_temple_entry_antechambers, serial_column_ruins,
          column_ruins_square_small, column_ruins_temple_circle,
          column_ruins_columns_straight, column_ruins_grid_3,
          column_ruins_corridor_straight, column_ruins_columns_straight,
          column_ruins_grid_3, nicolae_ossuary_entry_monument
D:6:      black_bear_nest_1, layout_loops_ring, kennysheep_mini_moat,
          marbit_many_paths, cheibrodos_sewer_entry_drain,
          ebering_ghost_sewer_f, minmay_misc_feat_five, solitary_fountain,
          uniq_menkaure
D:7:      layout_loops_ring, chequers_temple_overflow_statue_of_worship,
          minmay_manual_mullet, uniq_harold
D:8:      layout_basic, grunt_temple_overflow_gold_and_silver,
          eat_drink_and_be_merry_uskayaw, david_lair_shrubbed, serial_shops,
          nicolae_shop_statue_plus
D:9:      layout_basic, nicolae_overflow_crystal_walls, lemuel_doored_altar,
          serial_glass, glass_columns_b, glass_columns_c,
          minmay_strange_pillars, item_on_display_a, item_on_display_b,
          uniq_maurice
D:10:     layout_irregular_city, uniq_nergalle
D:11:     minmay_glassy_protrusions, layout_long_grid, hiddenorc1_lemuel,
          hangedman_little_slice_of_home, minmay_rotating_lava
Temple:   corrupted_temple

Skill      XL: |  1  2  3  4  5  6  7  8  9 10 11 |
---------------+----------------------------------+-----
Long Blades    | 4 5 6 7 8 9 |  9.8
Fighting       | 4 5 6 7 8 9 10 | 10.0
Short Blades   | 1 2 4 5 8 9 10 | 10.3
Dodging        | 3 4 5 7 9 11 12 | 12.4
Armour         | 3 4 5 |  5.5
Throwing       | 1 2 3 |  3.2

Action                   |  1- 3 |  4- 6 |  7- 9 | 10-12 || total
-------------------------+-------+-------+-------+-------++-------
Melee: Falchion          |    19 |       |    96 |       ||   115
       Dagger            |    39 |   114 |   143 |    18 ||   314
       Headbutt          |     6 |    23 |    83 |    78 ||   190
       Short sword       |       |       |    41 |   120 ||   161
       Rapier            |       |       |   110 |   162 ||   272
       Great sword       |       |       |     9 |    18 ||    27
       Demon blade       |       |       |       |    49 ||    49
Throw: Dart              |       |     4 |     8 |       ||    12
       Boomerang         |       |       |     2 |    38 ||    40
Invok: Trog's Hand       |       |       |     1 |       ||     1
Evoke: Wand              |       |       |     1 |     2 ||     3
  Use: Scroll            |     3 |     6 |     7 |     6 ||    22
       Potion            |       |       |     2 |     7 ||     9
 Stab: Invisible         |       |       |       |     1 ||     1
       Sleeping          |       |       |       |     2 ||     2
  Eat: Chunk             |       |     5 |    10 |    11 ||    26
       Ration            |       |       |     2 |     1 ||     3
Armor: Animal skin       |     9 |    18 |     3 |       ||    30
       Robe              |       |       |    36 |     2 ||    38
       Troll leather arm |       |       |    21 |    62 ||    83
       Skin              |       |       |       |    62 ||    62
       Scale mail        |       |       |       |     4 ||     4
Dodge: Dodged            |    50 |    68 |   222 |   299 ||   639
       Rpst.: Falchion   |     5 |       |    12 |       ||    17
       Great sword       |       |       |     4 |     6 ||    10
       Demon blade       |       |       |       |    12 ||    12
